 Dungeon Crawl Stone Soup version 0.31-a0-426-g3a05650e59 (webtiles) character file.

Game seed: 2833130098840716105

73 floatRand the Ruffian (level 4, 0/35 HPs)
             Began as a Draconian Shapeshifter on July 30, 2023.
             Slain by a gnoll
             ... wielding a +0 club
              (4 damage)
             ... on level 3 of the Dungeon.
             The game lasted 00:01:43 (1441 turns).

floatRand the Ruffian (Draconian Shapeshifter)      Turns: 1441, Time: 00:01:43

Health: 0/35       AC:  5    Str: 18    XL:     4   Next: 8%
Magic:  4/4        EV: 12    Int:  8    God:
Gold:   51         SH:  0    Dex: 13    Spells: 3/3 levels left

rFire   . .          .
                       - Unarmed
rCold   . . .        (no shield)
rNeg    . . .        (body armour unavailable)
rPois   .            (helmet currently unavailable)
rElec   .            (cloak currently unavailable)
rCorr   .            (gloves currently unavailable)
SInv    +            (boots currently unavailable)
Will    .....        (no amulet)
Stlth   +            l - ring of see invisible
HPRegen 0.25/turn    (no ring)
MPRegen 0.09/turn

%: no passive effects
@: beast-form
A: beast (slay +2), AC +5, unfitting armour, cold-blooded
a: Begin Untransformation


You were on level 3 of the Dungeon.
You were a hulking beast.
You visited 1 branch of the dungeon, and saw 3 of its levels.

You collected 51 gold pieces.

Inventory:

Armour
 m - a +1 pair of gloves of stealth
 n - a +0 cloak
Jewellery
 l - a ring of see invisible (left hand)
Talismans
 b - a beast talisman (active)
Scrolls
 c - 2 scrolls of amnesia {unknown}
 d - a scroll of teleportation {unknown}
 f - a scroll of vulnerability {unknown}
 g - a scroll of torment {unknown}
 h - a scroll of fog {unknown}
 i - a scroll of enchant weapon {unknown}
 j - a scroll of immolation {unknown}
 k - a scroll of enchant armour {unknown}
Potions
 a - 2 potions of lignification
 e - a potion of enlightenment {unknown}
 o - 2 potions of ambrosia {unknown}


   Skills:
 - Level 1.1 Fighting
 - Level 1.7 Dodging
 * Level 4.4 Unarmed Combat
 + Level 3.5 Shapeshifting


You had 3 spell levels left.
You didn't know any spells.
Your spell library contained the following spells:

 Spells                   Type           Power      Damage    Failure   Level
 Summon Guardian Golem    Hex/Summ       0%         N/A       78%         3
 Orb of Destruction       Conj           0%         9d5       100%        7
 Spellforged Servitor     Conj/Summ      0%         N/A       100%        7


Dungeon Overview and Level Annotations

Branches:
Dungeon (3/15)

Altars:
Ashenzari
Dithmenos
Kikubaaqudgha
Makhleb

Shops:
D:2 !


Innate Abilities, Weirdness & Mutations

You are a hulking beast.
Your limbs bulge with bestial killing power. (Slay +2)
Your plain brown scales are hard. (AC +5)
You cannot fit into any form of body armour.
You are cold-blooded and may be slowed by cold attacks.


Message History

A gnoll comes into view. It is wielding a +0 spear.
You hit the gnoll. You tail-slap the gnoll.
The gnoll is severely wounded.
The gnoll misses you. x2
You hit the gnoll.
You kill the gnoll!
The gnoll closely misses you.
You have reached level 4!
You feel stronger. The gnoll hits you with a +0 club.
The gnoll closely misses you.
You see here a +0 whip.
Unknown command.
The gnoll misses you.
You hit the gnoll.
The gnoll is lightly wounded.
The gnoll closely misses you. x2
You barely miss the gnoll. You tail-slap the gnoll.
The gnoll is moderately wounded.
The gnoll hits you but does no damage. The gnoll misses you. x2
You hit the gnoll.
The gnoll is moderately wounded.
The gnoll misses you. The gnoll hits you with a +0 club.
You barely miss the gnoll. You tail-slap the gnoll!
The gnoll is almost dead.
The gnoll hits you from afar with a +0 halberd!
The gnoll hits you but does no damage. x2
Unknown command.
You barely miss the gnoll.
The gnoll is almost dead.
The gnoll hits you from afar with a +0 halberd!
* * * LOW HITPOINT WARNING * * *
The gnoll misses you.
Unknown command.
The gnoll attacks as you move away! The gnoll closely misses you.
The gnoll attacks as you move away! The gnoll hits you with a +0 club.
* * * LOW HITPOINT WARNING * * *
The gnoll attacks as you move away! The gnoll barely misses you.
There is a stone staircase leading up here.
The gnoll hits you with a +0 club.
You die...

............#
####.##.###.#####
#......##.....#######
#........####....<...
###...g................
.......g...............
.♣♣♣♣..g..♣♣♣♣..####...#
.......g.....†.)......##
###...h.###......#####
####### ######.###
#.).## ###..# ##.# #.###
#.... ####. #.


You could see 3 gnolls and a hobgoblin.

Vanquished Creatures
  A gnoll (D:3)
  An adder (D:2)
  A dart slug (D:1)
  A worm (D:2)
  3 bats
  5 endoplasms
  3 giant cockroaches (D:1)
  3 goblins
  4 hobgoblins (D:1)
  6 jackals
  7 kobolds
  A quokka (D:1)
  3 ball pythons (D:1)
  3 frilled lizards
  4 rats
46 creatures vanquished.

Notes
Turn   | Place    | Note
-------+----------+-------------------------------------------
     0 | D:1      | floatRand the Draconian Shapeshifter began the quest for
                  | the Orb.
     0 | D:1      | Reached XP level 1. HP: 16/16 MP: 1/1
   299 | D:1      | Reached XP level 2. HP: 21/23 MP: 2/2
   664 | D:1      | Reached XP level 3. HP: 28/28 MP: 3/3
   889 | D:2      | Found Nafiofes's Distillery.
  1102 | D:2      | Reached skill level 4 in Unarmed Combat
  1193 | D:2      | Identified the +0 leather armour of the Kangaroo {rF- rCorr
                  | Str+3 Slay+3}
  1196 | D:2      | Found a faded altar of an unknown god.
  1294 | D:3      | Found a broken altar of Ashenzari.
  1321 | D:3      | Found a burning altar of Makhleb.
  1331 | D:3      | Found an ancient bone altar of Kikubaaqudgha.
  1396 | D:3      | Found a shadowy altar of Dithmenos.
  1422 | D:3      | Reached XP level 4. HP: 35/35 MP: 4/4
  1430 | D:3      | HP: 1/35 [gnoll/+0 club (2)]
  1441 | D:3      | Slain by a gnoll

Illustrated notes

Levels and vault maps discovered:
D:1:      nicolae_arrival_somewhat_less_tricky_arrival, layout_basic
D:2:      layout_basic, serial_shops, nicolae_shop_hallway_plus,
          hellmonk_ecumenical_altar_pennies_from_heaven
D:3:      layout_rooms, mainiacjoe_overflow_alcove_2,
          mainiacjoe_overflow_boulevard, minitemple, gup_sewer_entry_glass,
          minivault_4, chequers_serial_rivers_small_3

Skill      XL: |  1  2  3 |
---------------+----------+-----
Unarmed Combat | 4 |  4.4
Fighting       | |  1.1
Dodging        | |  1.7
Shapeshifting  | |  3.5

Action                     |  1- 3 |  4- 6 || total
---------------------------+-------+-------++-------
  Melee: Unarmed           |   101 |     5 ||   106
         Tailslap          |     9 |     2 ||    11
         Punch             |     1 |       ||     1
   Stab: Sleeping          |     1 |       ||     1
 Armour: Skin              |    26 |     3 ||    29
  Dodge: Dodged            |    44 |    10 ||    54

Table legend: (Time is in decaauts)
 A = Elapsed time spent in this place.
 B = Non-inter-level travel time spent in this place.
 C = Inter-level travel time spent in this place.
 D = Time resting spent in this place.
 E = Time spent auto-exploring this place.
 F = Levels seen in this place.
 G = Mean time per level.
                   A        B        C        D        E       F      G
               +--------+--------+--------+--------+--------+-----+--------+
         Total |   1434 |   1387 |     47 |      0 |   1005 |   3 |  478.0 |
       Dungeon |   1434 |   1387 |     47 |      0 |   1005 |   3 |  478.0 |
               +--------+--------+--------+--------+--------+-----+--------+

Top non-repeatable levels by time:
     D:1: 857 daAuts
     D:2: 431 daAuts
     D:3: 145 daAuts
